 Dungeon Crawl Stone Soup version 0.28-a0-861-ge64d6db94f (webtiles) character file.

Game seed: 7434068464886596298

338 mandarbmax the Skirmisher (level 6, -3/65 HPs)
             Began as an Ogre Transmuter on Nov 15, 2021.
             Killed from afar by Dowan (9 damage)
             ... with a puff of flame
             ... on level 4 of the Dungeon.
             The game lasted 00:08:04 (4142 turns).

mandarbmax the Skirmisher (Ogre Transmuter)         Turns: 4142, Time: 00:08:05

Health: -3/65      AC:  2    Str: 15    XL:     6   Next: 55%
Magic:  9/10       EV: 19    Int: 16    God:
Gold:   108        SH:  0    Dex: 14    Spells: 5/11 levels left

rFire   . . .      SeeInvis .     - Unarmed
rCold   . . .      Faith    .   (shield currently unavailable)
rNeg    . . .      Spirit   .   (armour currently unavailable)
rPois   x          Reflect  .   (helmet currently unavailable)
rElec   .          Harm     .   (cloak currently unavailable)
rCorr   .          Rampage  .   (gloves unavailable)
Will    .....                   (boots unavailable)
Stlth   +.........              e - amulet of magic regeneration
HPRegen 0.20/turn               (no ring)
MPRegen 0.37/turn               (no ring)

@: about to teleport, spider-form, wereblooded
A: venomous fangs, tiny, unfitting armour, (tough skin 1)
a: End Transformation


You were on level 4 of the Dungeon.
You were a venomous arachnid creature.
You visited 1 branch of the dungeon, and saw 4 of its levels.
You also visited: Sewer.

You collected 163 gold pieces.
You spent 55 gold pieces at shops.

Inventory:

Missiles
 k - 8 poisoned darts (quivered)
 q - 4 boomerangs
Armour
 a - a +0 robe (melded)
 m - +0 ice dragon scales
Jewellery
 e - an amulet of magic regeneration (around neck)
Scrolls
 b - a scroll of noise {unknown}
 c - 3 scrolls of enchant weapon {unknown}
 d - a scroll of amnesia {unknown}
 g - 3 scrolls of summoning {unknown}
 h - 2 scrolls of teleportation
 l - 2 scrolls of enchant armour {unknown}
 n - a scroll of fog {unknown}
 o - a scroll of brand weapon {unknown}
 p - a scroll of silence {unknown}
 r - a scroll of vulnerability {unknown}
Potions
 f - 4 potions of flight
 i - a potion of attraction


   Skills:
 + Level 4.9 Fighting
 - Level 2.0 Dodging
 + Level 4.2 Unarmed Combat
 - Level 3.0 Spellcasting
 + Level 3.5 Transmutations


You had 5 spell levels left.
You knew the following spells:

 Your Spells              Type           Power      Damage    Failure   Level
a - Beastly Appendage     Tmut           26%        N/A       13%         1
b - Wereblood             Tmut           13%        N/A       19%         2
c - Spider Form           Tmut/Pois      8%         N/A       47%         3

Your spell library contained the following spells:

 Spells                   Type           Power      Damage    Failure   Level
 Ice Form                 Ice/Tmut       8%         N/A       83%         4


Dungeon Overview and Level Annotations

Branches:
Dungeon (4/15)              Sewer (visited)
 Temple: D:4-7

Altars:

Shops:
D:3 ?

Annotations:
D:4 Dowan


Innate Abilities, Weirdness & Mutations

You are a venomous arachnid creature.
You have poisonous fangs.
You are tiny and dextrous.
Your spellcasting is less reliable in this form.
Your armour is entirely melded.
You are incapable of wielding weapons or throwing items.
You are too large for most types of armour.
((You have tough skin. (AC +1)))


Message History

Duvessa is severely wounded.
Duvessa misses you.
You bite Duvessa!
You feel a bit better.
You kill Duvessa!
Dowan seems overcome with grief, but rights himself reflexively soon after.
Dowan seems to find hidden reserves of power!
Dowan zaps a wand.
The puff of flame hits you.
Your Unarmed Combat skill increases to level 4!
Dowan gestures at you while chanting. The stone arrow misses you.
Dowan zaps a wand.
The puff of flame hits you!
You hiss as the wereblood boils in your veins!
Your transformation has ended.
Your +0 robe unmelds from your body.
Dowan hits you with a +0 dagger.
You closely miss Dowan. Dowan hits you with a +0 dagger.
* * * LOW HITPOINT WARNING * * *
Dowan hits you with a +0 dagger.
* * * LOW HITPOINT WARNING * * *
Unknown command.
Casting: Spider Form (dangerous; 26% risk of failure)
Confirm with . or Enter, or press ? or * to list all spells.
You turn into a venomous arachnid creature.
Your +0 robe melds into your body.
Dowan hits you with a +0 dagger.
* * * LOW HITPOINT WARNING * * *
Unknown command.
You hit Dowan.
Dowan is poisoned.
Dowan is lightly wounded.
You hiss as the wereblood boils in your veins!
Dowan shakes with grief.
Dowan hits you with a +0 dagger.
* * * LOW HITPOINT WARNING * * *
Dowan barely misses you.
Blink to where?
Press: ? - help, Dir - move target
As you read the scroll of blinking, it crumbles to dust.
As you read the scroll of teleportation, it crumbles to dust.
You feel strangely unstable.
You hiss as the wereblood boils in your veins!
Dowan shakes with grief.
Dowan zaps a wand.
The puff of flame hits you!
You die...

#.#####.###.#
#.##≈≈#≈# #.#
#.###.. ≈≈≈≈
#.# #...#.. #≈≈
#.# #.#.#.. ##
#.###.#.#
..#...#.#
###.###.# #.#
#.# #.#
#s####### #.#
#........ #.#
#.#####.. #.#
#.# ##.###.#
#...##.#####..#
#.#...e!......#
#...##.).####.#
######J#.#


You could see Dowan (fast, very poisoned).

Vanquished Creatures
  Duvessa (D:4)
  An orc priest (D:3)
  An orc wizard (D:3)
  A gnoll (D:2)
  4 adders
  A river rat (D:3)
  6 worms
  3 dart slugs
  2 orcs (D:3)
  14 ball pythons
  10 bats
  14 endoplasms
  7 giant cockroaches
  5 goblins
  7 hobgoblins
  6 jackals
  2 quokkas
  5 frilled lizards
  7 kobolds
  10 rats
107 creatures vanquished.

Notes
Turn   | Place    | Note
-------+----------+-------------------------------------------
     0 | D:1      | mandarbmax the Ogre Transmuter began the quest for the Orb.
     0 | D:1      | Reached XP level 1. HP: 19/19 MP: 3/3
   187 | D:1      | Reached XP level 2. HP: 25/28 MP: 3/5
   845 | D:1      | Reached XP level 3. HP: 27/35 MP: 7/7
   848 | D:1      | Learned a level 2 spell: Wereblood
   852 | D:1      | Learned a level 3 spell: Spider Form
  1764 | D:2      | Reached XP level 4. HP: 34/45 MP: 6/8
  2337 | D:3      | Found a faded altar of an unknown god.
  2399 | D:3      | Found Dyfaori's Magic Scroll Shop.
  2411 | D:3      | Bought a scroll of magic mapping for 35 gold pieces
  2411 | D:3      | Bought a scroll of identify for 20 gold pieces
  2573 | D:3      | Found a glowing drain.
  2595 | D:3      | Reached XP level 5. HP: 30/53 MP: 2/9
  2609 | Sewer    | Entered a sewer
  3549 | D:3      | Reached XP level 6. HP: 52/63 MP: 6/10
  4123 | D:4      | Noticed Duvessa
  4127 | D:4      | Noticed Dowan
  4134 | D:4      | Killed Duvessa
  4142 | D:4      | Killed from afar by Dowan

Illustrated notes

Levels and vault maps discovered:
D:1:      lemuel_arrival_hallway, layout_basic, chequers_serial_rivers_micro_c
D:2:      layout_basic, cheibrodos_gnoll_hut
D:3:      layout_rooms, serial_shops, shop, portal_sewer_entry_a,
          chequers_ecumenical_altar_simple
D:4:      old_forge, layout_loops_ring, general_overflow_altar,
          mainiacjoe_overflow_alcove_1, minivault_4, lexackson_kobold_supper,
          uniq_duvessa

Skill      XL: |  1  2  3  4  5  6 |
---------------+-------------------+-----
Dodging        | 2 |  2.0
Transmutations | 2 3 |  3.5
Fighting       | 2 3 4 |  4.9
Unarmed Combat | 3 4 |  4.2
Spellcasting   | 3 |  3.0

Action                   |  1- 3 |  4- 6 || total
-------------------------+-------+-------++-------
Melee: Unarmed           |    98 |   171 ||   269
       Headbutt          |    17 |    10 ||    27
       Kick              |    20 |    17 ||    37
Throw: Dart              |       |     9 ||     9
 Cast: Beastly Appendage |    31 |    20 ||    51
       Wereblood         |       |    12 ||    12
       Spider Form       |       |    14 ||    14
  Use: Scroll            |       |     8 ||     8
       Potion            |       |     2 ||     2
 Stab: Invisible         |       |     1 ||     1
Armor: Robe              |    22 |    40 ||    62
       Skin              |       |     6 ||     6
Dodge: Dodged            |    48 |   155 ||   203

Table legend: (Time is in decaauts)
 A = Elapsed time spent in this place.
 B = Non-inter-level travel time spent in this place.
 C = Inter-level travel time spent in this place.
 D = Time resting spent in this place.
 E = Time spent auto-exploring this place.
 F = Levels seen in this place.
 G = Mean time per level.
                   A        B        C        D        E       F      G
               +--------+--------+--------+--------+--------+-----+--------+
         Total |   4300 |   4221 |     79 |    180 |   3192 |   5 |  860.0 |
       Dungeon |   3219 |   3140 |     79 |      0 |   2557 |   4 |  804.8 |
         Sewer |   1081 |   1081 |      0 |    180 |    635 |   1 | 1081.0 |
               +--------+--------+--------+--------+--------+-----+--------+

Top non-repeatable levels by time:
     D:1: 1295 daAuts
   Sewer: 1081 daAuts
     D:2: 1034 daAuts
     D:3: 814 daAuts
     D:4: 74 daAuts
